 Dungeon Crawl Stone Soup version 0.18-a0-750-g37044d6 (webtiles) character file.

55 cluie the Insei (level 3, -3/27 HPs)
             Began as a Demonspawn Transmuter on Dec 11, 2015.
             Slain by a gnoll
             ... wielding a +0 spear
              (10 damage)
             ... on level 2 of the Dungeon.
             The game lasted 00:03:39 (1156 turns).

cluie the Insei (Demonspawn Transmuter)             Turns: 1156, Time: 00:03:39

Health: -3/27      AC:  2    Str: 10    XL:     3   Next: 67%
Magic:  6/6        EV: 13    Int: 14    God:
Gold:   19         SH:  0    Dex: 14    Spells: 2 memorised, 3 levels left

rFire  . . .     SeeInvis .       - Unarmed
rCold  . . .     Clarity  .     b - +0 robe
rNeg   . . .     SustAt   .     (no shield)
rPois  .         Gourm    .     (no helmet)
rElec  .         Spirit   .     (no cloak)
rCorr  .         Dismiss  .     (no gloves)
rMut   .         Stasis   .     (no boots)
MR     .....                    (no amulet)
Stlth  +.........               (no ring)
                                (no ring)

@: not resistant to hostile enchantments, very unstealthy
A: powered by death 1
a: no special abilities


You were on level 2 of the Dungeon.
You were not hungry.

You visited 1 branch of the dungeon, and saw 2 of its levels.

You collected 19 gold pieces.

Inventory:

Missiles
 a - 44 arrows
Armour
 b - a +0 robe (worn)
Scrolls
 e - a scroll of immolation {unknown}
 f - 2 scrolls of identify {unknown}
 h - a scroll of random uselessness {unknown}
Potions
 g - a potion of heal wounds
Books
 c - a book of Changes

   Spells                             Type                      Level
   a - Beastly Appendage              Transmutation                1
   b - Sticks to Snakes               Transmutation                2
   c - Spider Form                    Transmutation/Poison         3
   d - Ice Form                       Ice/Transmutation            4
   e - Blade Hands                    Transmutation                5
Comestibles
 d - a bread ration
 i - 2 beef jerkies
 j - 3 chunks of flesh


   Skills:
 + Level 1.8 Fighting
 * Level 2.6 Dodging
 * Level 3.3 Unarmed Combat
 - Level 2.0 Spellcasting
 - Level 1.7 Transmutations


You had 3 spell levels left.
You knew the following spells:

 Your Spells              Type           Power        Failure   Level  Hunger
a - Beastly Appendage     Trmt           #.....       14%         1    ##.....
b - Sticks to Snakes      Trmt           #.......     21%         2    ###....


Dungeon Overview and Level Annotations

Branches:
Dungeon (2/15)

Altars:


Innate Abilities, Weirdness & Mutations

You regenerate a little health from kills.


Message History

No target in view!
A gnoll comes into view. It is wielding a spear.
You feel less regenerative.
The gnoll shouts!
A gnoll is nearby!
A gnoll comes into view.
There are monsters nearby!
The gnoll hits you from afar with a spear!
A gnoll comes into view.
A gnoll comes into view. It is wielding a flail.
The gnoll shouts!
The gnoll moves out of view.
The gnoll hits you with a spear!
* * * LOW HITPOINT WARNING * * *
You are too injured to fight recklessly!
There are monsters nearby!
There are monsters nearby!
You are too injured to fight recklessly!
Unknown command.
The gnoll hits you from afar with a spear!
You die...

.#. ##.....## ##.##
##...[.>.## ...g.
#.........## ..g
+.........'. ..g
#.........## #.#
##.......## #g#
##.....## #.#
##...## #@#
#######'#####
##.###...........#
#...##.##.##..##.##
#.#.##.##.#........
#...##.##>.....#.##
##.###.##........#
#.# #.##........#
#.###.##.#...####
#........##..#


You could see 4 gnolls.

Vanquished Creatures
  An adder (D:2)
  2 oozes
  3 giant cockroaches
  7 goblins
  4 hobgoblins
  4 jackals (D:2)
  A kobold (D:1)
  5 bats
  A giant newt (D:1)
  5 rats
33 creatures vanquished.

Vanquished Creatures (collateral kills)
  A gnoll (D:1)
1 creature vanquished.

Grand Total: 34 creatures vanquished

Notes
Turn   | Place    | Note
--------------------------------------------------------------
     0 | D:1      | cluie the Demonspawn Transmuter began the quest for the Orb.
     0 | D:1      | Reached XP level 1. HP: 15/15 MP: 3/3
   117 | D:1      | Gained mutation: You regenerate a little health from kills. [demonic ancestry]
   117 | D:1      | Reached XP level 2. HP: 9/21 MP: 3/5
   165 | D:1      | Reached skill level 3 in Unarmed Combat
   255 | D:2      | Learned a level 2 spell: Sticks to Snakes
   518 | D:1      | Reached XP level 3. HP: 23/26 MP: 3/6
  1156 | D:2      | Slain by a gnoll

Vault maps used:
D:1:      saegor_arrival_miasma, columned_hall_lemuel, feat_on_display
D:2:      lightli_corner_chamber

Action                   || total
-------------------------++-------
Melee: Unarmed           ||   125
 Cast: Beastly Appendage ||     1
       Sticks to Snakes  ||     3
  Use: Potion            ||     1
 Stab: Sleeping          ||     1
  Eat: Chunk             ||     1
